 Dungeon Crawl Stone Soup version 0.17.0-73-gb648821 (webtiles) character file.

131 PriceChild the Conjurer (level 4, 0/34 HPs)
             Began as a Draconian Conjurer on Dec 9, 2015.
             Slain by a gnoll
             ... wielding a +0 club
              (4 damage)
             ... on level 3 of the Dungeon.
             The game lasted 00:30:01 (3819 turns).

PriceChild the Conjurer (Draconian Conjurer)        Turns: 3819, Time: 00:30:02

Health: 0/34       AC:  5    Str: 11    XL:     4   Next: 91%
Magic:  1/8        EV: 12    Int: 16    God:
Gold:   138        SH:  0    Dex: 11    Spells: 2 memorised, 5 levels left

rFire  . . .     SeeInvis .     f - +1 club
rCold  . . .     Clarity  .     (armour unavailable)
rNeg   . . .     SustAt   .     (no shield)
rPois  .         Gourm    .     (helmet restricted)
rElec  .         Spirit   .     (no cloak)
rCorr  .         Warding  .     (no gloves)
rMut   .         Stasis   .     (no boots)
MR     .....                    (no amulet)
Stlth  ++........               (no ring)
                                c - ring of wizardry

@: not resistant to hostile enchantments, unstealthy
A: unfitting armour, cold-blooded, AC +5
a: no special abilities


You were on level 3 of the Dungeon.
You were not hungry.

You visited 1 branch of the dungeon, and saw 3 of its levels.

You collected 138 gold pieces.

Inventory:

Hand Weapons
 f - a +1 club (weapon)
 g - a +0 mace
 h - a +0 dagger
Missiles
 d - 64 stones (quivered)
 m - 49 sling bullets
 p - 25 bolts
Jewellery
 c - a ring of wizardry (left hand)
Wands
 r - a wand of polymorph (6)
Scrolls
 k - 4 scrolls of identify
 n - a scroll of teleportation
 q - a scroll of immolation
Potions
 e - a potion of haste {unknown}
 i - a potion of heal wounds {unknown}
 j - a potion of mutation {unknown}
 l - 2 potions of agility {unknown}
Books
 a - a book of Conjurations

   Spells                             Type                      Level
   a - Magic Dart                     Conjuration                  1
   b - Searing Ray                    Conjuration                  2
   c - Dazzling Spray                 Conjuration/Hexes            3
   d - Fulminant Prism                Conjuration/Hexes            4
   e - Iskenderun's Mystic Blast      Conjuration                  4
   f - Iskenderun's Battlesphere      Conjuration/Charms           5


   Skills:
 + Level 0.9 Fighting
 + Level 0.4 Maces & Flails
 + Level 0.6 Throwing
 + Level 2.8 Dodging
 + Level 2.3 Stealth
 + Level 2.6 Spellcasting
 + Level 4.7 Conjurations
 + Level 0.2 Evocations


You had 5 spell levels left.
You knew the following spells:

 Your Spells              Type           Power        Failure   Level  Hunger
a - Magic Dart            Conj           ###.         1%          1    #......
b - Searing Ray           Conj           ###...       2%          2    ##.....


Dungeon Overview and Level Annotations

Branches:
Dungeon (3/15)

Altars:
Fedhas
Okawaru
The Shining One


Innate Abilities, Weirdness & Mutations

Your plain brown scales are hard (AC +5).
Your body does not fit into most forms of armour.
You are cold-blooded and may be slowed by cold attacks.


Message History

The gnoll is moderately wounded.
The gnoll closely misses you.
You closely miss the gnoll.
The gnoll is moderately wounded.
The gnoll closely misses you.
You hit the gnoll but do no damage.
The gnoll is moderately wounded.
The gnoll barely misses you.
You completely miss the gnoll.
The gnoll is moderately wounded.
The gnoll throws a stone.
The stone hits you but does no damage. The gnoll hits you with a club.
* * * LOW HITPOINT WARNING * * *
You hit the gnoll but do no damage.
Your tail-slap misses the gnoll.
The gnoll hits you but does no damage. The gnoll hits you with a club.
* * * LOW HITPOINT WARNING * * *
You closely miss the gnoll. The gnoll hits you.
* * * LOW HITPOINT WARNING * * *
The gnoll hits you with a club.
You die...

## #.###.# #.##..##.##...≈≈≈≈ .#
##.## #.##..#...#....≈≈≈
...#.##...######.##............≈≈
.#......_......................≈≈
######...##.###.######.##.....≈≈
.# ##.###.# #.# #.##......≈ .#
#.###.###.# #.##......≈ .#
#.....#.#g# ##'##....... .#
##.#####.g@# ##...#..###.# .#
#..# #...### ##......## #.. ###
#.## #.....###.....†.## ###
..#####.####...#.##.........####.
.#................+.........+....
###.######.....#.##.........####.
.#.## ##...##.###.......## ##
#.## #......# ##.....## # #.#
#.###### ##...##


You could see 2 gnolls.

Vanquished Creatures
  A gnoll (D:3)
  5 adders
  A white imp (D:3)
  2 worms (D:3)
  An orc (D:3)
  6 bats
  12 goblins
  8 hobgoblins
  2 ball pythons (D:1)
  3 giant cockroaches
  4 giant newts
  3 jackals (D:3)
  9 kobolds
  6 rats
63 creatures vanquished.

Vanquished Creatures (others)
  An ooze (D:3)
  A quokka (D:3)
  A giant gecko skeleton (D:3)
3 creatures vanquished.

Grand Total: 66 creatures vanquished

Notes
Turn   | Place    | Note
--------------------------------------------------------------
     0 | D:1      | PriceChild the Draconian Conjurer began the quest for the Orb.
     0 | D:1      | Reached XP level 1. HP: 14/14 MP: 3/3
   345 | D:1      | Reached XP level 2. HP: 17/20 MP: 0/5
   408 | D:1      | Learned a level 2 spell: Searing Ray
  1065 | D:2      | Reached XP level 3. HP: 26/26 MP: 2/6
  1892 | D:3      | Found an iron altar of Okawaru.
  2089 | D:3      | Reached XP level 4. HP: 33/33 MP: 4/7
  2788 | D:3      | Found a glowing golden altar of the Shining One.
  3686 | D:3      | Found a blossoming altar of Fedhas.
  3819 | D:3      | Slain by a gnoll

Action                   |  1- 3 |  4- 6 || total
-------------------------+-------+-------++-------
Melee: Club              |    48 |   152 ||   200
Throw: Stone             |    11 |    19 ||    30
 Cast: Magic Dart        |    41 |    16 ||    57
       Searing Ray       |    30 |    37 ||    67
Evoke: Wand              |       |     6 ||     6
  Use: Scroll            |     3 |     2 ||     5
  Eat: Chunk             |     1 |       ||     1
       Meat ration       |     1 |     1 ||     2
       Bread ration      |       |     1 ||     1
